 Dungeon Crawl Stone Soup version 0.30-a0-6-g7c9e10e132 (webtiles) character file.

Game seed: 13561926559613813907

5678 Misha the Spear-Bearer (level 10, -14/77 HPs)
             Began as a Merfolk Gladiator on Aug 23, 2022.
             Was a High Priest of Okawaru.
             Shot with an arrow by a centaur warrior (16 damage)
             ... on level 9 of the Dungeon.
             The game lasted 00:17:49 (9509 turns).

Misha the Spear-Bearer (Merfolk Gladiator)          Turns: 9509, Time: 00:17:50

Health: -14/77     AC: 14    Str: 16    XL:     10   Next: 75%
Magic:  10/10      EV: 18    Int:  8    God:    Okawaru [*****.]
Gold:   662        SH:  0    Dex: 18    Spells: 9/9 levels left

rFire   + + .      SeeInvis .    a - +5 trident (venom)
rCold   + . .      Faith    +    (no shield)
rNeg    . . .      Spirit   .    D - +1 scale mail of Uskayaw's Anger {Slay+3}
rPois   .          Reflect  .    r - +1 helmet "Zoyg Ipa" {Regen+}
rElec   .          Harm     .    x - scarf {rC+ rF+}
rCorr   .          Rampage  .    s - +2 pair of gloves
Will    .....                    (no boots)
Stlth   +.........               p - amulet of faith
HPRegen 1.02/turn                j - ring of protection from fire
MPRegen 0.12/turn                v - +4 ring of evasion

@: lethally poisoned (-14 -> -16), about to teleport
A: (nimble swimmer 2), mertail
a: Renounce Religion, Heroism, Finesse, Duel


You were on level 9 of the Dungeon.
You worshipped Okawaru.
Okawaru was extremely pleased with you.
You visited 2 branches of the dungeon, and saw 10 of its levels.

You collected 662 gold pieces.

Inventory:

Hand Weapons
 a - a +5 trident of venom (weapon)
 b - a +1 vampiric trident
Missiles
 d - 3 throwing nets (quivered)
 e - a javelin
 g - 2 atropa-tipped darts
 h - 7 boomerangs
 l - 8 poisoned darts
Armour
 r - the +1 helmet "Zoyg Ipa" (worn) {Regen+}
   (Okawaru gifted it to you on level 8 of the Dungeon)

   Regen:     It increases your rate of health regeneration.
 s - a +2 pair of gloves (worn)
 x - a scarf of resistance (worn)
 D - the +1 scale mail of Uskayaw's Anger (worn) {Slay+3}
   (You found it on level 7 of the Dungeon)

   Slay:      It affects your accuracy & damage with ranged weapons and melee
   (+3).
Jewellery
 c - a ring of flight
 j - a ring of protection from fire (left hand)
 p - an amulet of faith (around neck)
 t - a ring of protection from fire
 v - a +4 ring of evasion (right hand)
 z - a ring of positive energy
 B - a ring of ice
Wands
 w - a wand of polymorph (10)
 y - a wand of flame (5)
Scrolls
 f - a scroll of immolation
 k - 12 scrolls of identify
 m - 6 scrolls of blinking
 o - 6 scrolls of teleportation
Potions
 i - 3 potions of attraction
 q - a potion of flight


   Skills:
 + Level 6.4 Fighting
 + Level 13.9 Polearms
 + Level 2.3 Throwing
 + Level 5.8 Armour
 + Level 9.1 Dodging
 + Level 2.8 Stealth
 + Level 0.2 Unarmed Combat
 + Level 0.3 Invocations
 + Level 0.6 Evocations


You had 9 spell levels left.
You didn't know any spells.
Your spell library contained the following spells:

 Spells                   Type           Power      Damage    Failure   Level
 Magic Dart               Conj           0%         1d3       80%         1
 Searing Ray              Conj           0%         2d4       91%         2
 Fulminant Prism          Conj/Hex       0%         3d6       100%        4


Dungeon Overview and Level Annotations

Branches:
Dungeon (9/15)             Temple (1/1) D:6
   Lair: D:8-11         Orc: D:9-12

Altars:
Ashenzari
Cheibriados
Fedhas
Gozag
Hepliaklqana
Nemelex Xobeh
Okawaru
Qazlal
Sif Muna
Trog
Xom
The Shining One

Shops:
D:6 *


Innate Abilities, Weirdness & Mutations

((You are very nimble when in or above water. (Stealth+, EV+, Speed+++)))
Your lower body shifts to a powerful aquatic tail in water.


Message History

The hornet is moderately wounded.
The hornet stings you!
You feel yourself slow down.
You puncture the hornet!
The hornet is heavily wounded.
You feel yourself speed up. The hornet completely misses you.
You completely miss the hornet.
The hornet is heavily wounded.
The hornet misses you.
You hit the hornet.
The hornet is poisoned.
The hornet is heavily wounded.
The centaur warrior hits you. The centaur warrior misses you.
The hornet stings you but does no damage.
The centaur warrior wields a +0 longbow.
The centaur warrior shoots an arrow.
The arrow hits you!! The hornet stings you.
You are poisoned.
You feel yourself slow down.
The centaur warrior shoots an arrow.
The arrow barely misses you.
You feel very sick.
You kill the hornet!
Okawaru accepts your kill.
The centaur warrior shoots an arrow.
The arrow hits you!
* * * LOW HITPOINT WARNING * * *
The centaur warrior shoots an arrow.
The arrow hits you!!
* * * LOW HITPOINT WARNING * * *
Okay, then.
Unknown command.
Blink to where?
Press: ? - help, Dir - move target
Okay, then.
Unknown command.
As you read the scroll of teleportation, it crumbles to dust.
You feel strangely unstable.
You feel yourself speed up.
* * * LOW HITPOINT WARNING * * *
You feel very sick.
The centaur warrior shoots an arrow.
The arrow misses you.
The centaur warrior shoots an arrow.
The arrow hits you!
You die...

.# #.#..##.#####.# .#
#...##...## #.# ##
##..##..#..###.# #
####...#..###..##.# #
#........##.##.##.## #
#.##......#.'......# #
#.###).#.##.##.#...# #
#.##..####...####..#
###.#..##(......@$##...
..o>..######.c†####
#..# ##...##.# ##(##
#.# ##....#.# #.# ...
#..#.##.# ... #.
..####. .##.... .##)..
..... ..####. .##...
...#.##.# .


You could see a centaur warrior.

Vanquished Creatures
  A centaur warrior (D:9)
  A freezing wraith (D:9)
  A troll (D:9)
  3 hornets
  A wyvern (D:9)
  A steam dragon (D:7)
  3 water moccasins
  An orc warrior (D:9)
  3 ice beasts (D:7)
  A black bear (D:6)
  A sky beast (D:7)
  6 centaurs
  4 phantoms (D:6)
  A kobold brigand (D:6)
  8 bullfrogs
  A scorpion (D:5)
  13 wights
  3 killer bees (D:8)
  A howler monkey (D:9)
  2 jellies
  3 orc priests
  2 gnoll boudas
  3 orc wizards
  5 iguanas
  4 adders
  8 gnolls
  A shadow imp (D:7)
  2 white imps (D:7)
  5 ufetubi
  2 worms
  7 dart slugs
  15 orcs
  7 endoplasms
  2 giant cockroaches
  3 goblins
  5 hobgoblins
  4 jackals (D:2)
  11 kobolds
  2 quokkas (D:3)
  7 ball pythons
  6 bats
  5 frilled lizards
  2 rats
167 creatures vanquished.

Vanquished Creatures (others)
  2 plants (D:7)
2 creatures vanquished.

Grand Total: 169 creatures vanquished

Notes
Turn   | Place    | Note
-------+----------+-------------------------------------------
     0 | D:1      | Misha the Merfolk Gladiator began the quest for the Orb.
     0 | D:1      | Reached XP level 1. HP: 16/16 MP: 1/1
   173 | D:1      | Found a faded altar of an unknown god.
   178 | D:1      | Reached XP level 2. HP: 22/22 MP: 2/2
   181 | D:1      | Prayed at the altar of an unknown god.
   181 | D:1      | Became a worshipper of Warmaster Okawaru
   181 | D:1      | Reached * piety under Okawaru
  1104 | D:2      | Reached XP level 3. HP: 25/27 MP: 3/3
  1590 | D:2      | Reached skill level 5 in Polearms
  2089 | D:3      | Found a snail-covered altar of Cheibriados.
  2091 | D:3      | Found a stormy altar of Qazlal.
  2096 | D:3      | Reached XP level 4. HP: 34/34 MP: 4/4
  2482 | D:3      | Reached skill level 1 in Stealth
  2722 | D:3      | Found a bloodstained altar of Trog.
  2724 | D:3      | Found a glowing golden altar of the Shining One.
  2724 | D:3      | Found a shimmering altar of Xom.
  2725 | D:3      | Found an opulent altar of Gozag.
  2727 | D:3      | Found a broken altar of Ashenzari.
  2729 | D:3      | Found a sparkling altar of Nemelex Xobeh.
  3081 | D:4      | Reached skill level 1 in Armour
  3081 | D:4      | Reached XP level 5. HP: 14/39 MP: 5/5
  3879 | D:4      | Reached skill level 5 in Dodging
  4038 | D:5      | Entered Level 5 of the Dungeon
  4186 | D:5      | Reached ** piety under Okawaru
  4187 | D:5      | Reached skill level 6 in Polearms
  4331 | D:5      | Reached XP level 6. HP: 21/46 MP: 6/6
  4751 | D:5      | Reached skill level 7 in Polearms
  5256 | D:6      | Reached XP level 7. HP: 33/52 MP: 7/7
  5432 | D:6      | Reached *** piety under Okawaru
  5433 | D:6      | Reached skill level 8 in Polearms
  5622 | D:6      | Reached XP level 8. HP: 49/60 MP: 8/8
  5948 | D:6      | Reached skill level 9 in Polearms
  6237 | D:6      | Found Sububoor's Elemental Accessories.
  6293 | D:6      | Found a staircase to the Ecumenical Temple.
  6298 | Temple   | Entered the Ecumenical Temple
  6525 | D:7      | Reached **** piety under Okawaru
  6526 | D:7      | Reached skill level 10 in Polearms
  7014 | D:7      | Reached XP level 9. HP: 52/66 MP: 9/9
  7092 | D:7      | Reached skill level 11 in Polearms
  7219 | D:7      | Reached skill level 5 in Fighting
  7342 | D:7      | Identified the +1 scale mail of Uskayaw's Anger {Slay+3}
  7923 | D:8      | Reached ***** piety under Okawaru
  8166 | D:8      | Reached skill level 12 in Polearms
  8525 | D:8      | Identified the +1 helmet "Zoyg Ipa" {Regen+} (Okawaru
                  | gifted it to you on level 8 of the Dungeon)
  8525 | D:8      | Received a gift from Okawaru
  8589 | D:8      | Noticed a hornet
  8600 | D:8      | Killed a hornet
  8601 | D:8      | Reached XP level 10. HP: 67/74 MP: 7/10
  8960 | D:9      | Noticed a centaur warrior
  8964 | D:9      | Paralysed by a hornet for 3 turns
  8966 | D:9      | Reached skill level 5 in Armour
  9108 | D:9      | Noticed a centaur warrior
  9125 | D:9      | Reached skill level 13 in Polearms
  9273 | D:9      | Found a blossoming altar of Fedhas.
  9381 | D:9      | Killed a centaur warrior
  9508 | D:9      | HP: 3/77 [centaur warrior/arrow (20)]
  9509 | D:9      | Shot with an arrow by a centaur warrior

Illustrated notes

Levels and vault maps discovered:
D:1:      nzn_arrival_crosshair, layout_basic, hellmonk_ecumenical_altar_blasted
D:2:      layout_basic
D:3:      minmay_wonky_spiral, layout_loops_ring, jmf_multi_god_temple,
          minitemple, minmay_misc_feat_roman
D:4:      wad_crossroads, layout_basic, corner_web_ring
D:5:      layout_loops_ring
D:6:      layout_basic, temple_doors_cd, nicolae_elemental_shop
D:7:      layout_cave_pods, st_stairs_14, serial_bayou_pond_c,
          mrwooster_statue_mirror, minmay_fractal_squares_diagonal_5
D:8:      layout_cave_pools
D:9:      layout_loops_ring, mainiacjoe_overflow_24_doors,
          minmay_fractal_squares_gapless_7
Temple:   compressed_dpeg_triangle_lava_temple

Skill      XL: |  1  2  3  4  5  6  7  8  9 10 |
---------------+-------------------------------+-----
Polearms       | 5 6 7 8 10 12 13 | 13.9
Stealth        | 1 2 |  2.8
Armour         | 1 2 3 4 5 |  5.8
Dodging        | 5 6 7 8 9 |  9.1
Fighting       | 3 4 5 6 |  6.4
Throwing       | |  2.3
Unarmed Combat | |  0.2
Invocations    | |  0.3
Evocations     | |  0.6

Action                   |  1- 3 |  4- 6 |  7- 9 | 10-12 || total
-------------------------+-------+-------+-------+-------++-------
Melee: Trident           |   124 |   257 |   354 |   106 ||   841
       Punch             |       |     1 |     4 |     4 ||     9
       Unarmed           |       |       |       |     2 ||     2
Throw: Throwing net      |       |     2 |       |     2 ||     4
       Javelin           |       |       |     1 |       ||     1
       Boomerang         |       |       |     1 |       ||     1
Invok: Heroism           |       |       |     1 |     1 ||     2
Evoke: Wand              |       |       |       |     6 ||     6
  Use: Scroll            |     4 |       |     9 |     4 ||    17
       Potion            |     2 |     3 |       |     7 ||    12
 Stab: Sleeping          |     5 |     8 |       |       ||    13
Armor: Leather armour    |    21 |    21 |       |       ||    42
       Skin              |       |    28 |       |       ||    28
       Scale mail        |       |    19 |    87 |    33 ||   139
Dodge: Dodged            |    68 |   164 |   266 |   105 ||   603

Table legend: (Time is in decaauts)
 A = Elapsed time spent in this place.
 B = Non-inter-level travel time spent in this place.
 C = Inter-level travel time spent in this place.
 D = Time resting spent in this place.
 E = Time spent auto-exploring this place.
 F = Levels seen in this place.
 G = Mean time per level.
                   A        B        C        D        E       F      G
               +--------+--------+--------+--------+--------+-----+--------+
         Total |   9397 |   9043 |    354 |   1534 |   5810 |  10 |  939.7 |
       Dungeon |   9395 |   9041 |    354 |   1534 |   5810 |   9 | 1043.9 |
        Temple |      1 |      1 |      0 |      0 |      0 |   1 |    1.0 |
               +--------+--------+--------+--------+--------+-----+--------+

Top non-repeatable levels by time:
     D:7: 1264 daAuts
     D:6: 1245 daAuts
     D:4: 1173 daAuts
     D:5: 1169 daAuts
     D:3: 1130 daAuts
     D:8: 1116 daAuts
     D:1: 1038 daAuts
     D:2: 704 daAuts
     D:9: 553 daAuts
  Temple: 1 daAuts
